 Dungeon Crawl Stone Soup version 0.27.1-33-g824d729ab1 (webtiles) character file.

Game seed: 7165202148837039017

9 Garessta the Cudgeller (level 2, 22/22 HPs)
             Began as a Demonspawn Gladiator on Dec 14, 2021.
             Quit the game on level 1 of the Dungeon.
             The game lasted 00:00:27 (352 turns).

Garessta the Cudgeller (Demonspawn Gladiator)        Turns: 352, Time: 00:00:28

Health: 22/22      AC:  3    Str: 14    XL:     2   Next: 3%
Magic:  2/2        EV: 12    Int:  9    God:
Gold:   22         SH:  0    Dex: 14    Spells: 1/1 levels left

rFire    . . .     SeeInvis .   a - +0 flail
rCold    + . .     Faith    .   (no shield)
rNeg     . . .     Spirit   .   b - +0 leather armour
rPois    .         Reflect  .   (helmet restricted)
rElec    .         Harm     .   (no cloak)
rCorr    .         Rampage  .   (no gloves)
Will     .....                  (no boots)
Stlth    +.........             (no amulet)
HPRegen  0.07/turn              g - ring of protection from cold
MPRegen  0.08/turn              (no ring)

@: no status effects
A: antennae 1
a: no special abilities


You were on level 1 of the Dungeon.
You visited 1 branch of the dungeon, and saw 1 of its levels.

You collected 22 gold pieces.

Inventory:

Hand Weapons
 a - a +0 flail (weapon)
Missiles
 d - 3 throwing nets (quivered)
Armour
 b - a +0 leather armour (worn)
 c - a +0 helmet
Jewellery
 g - a ring of protection from cold (left hand)
Scrolls
 e - a scroll of torment {unknown}
 f - 2 scrolls of identify {unknown}


   Skills:
 - Level 2.0 Fighting
 + Level 3.2 Maces & Flails
 - Level 1.7 Throwing
 - Level 2.6 Dodging


You had one spell level left.
You didn't know any spells.
Your spell library was empty.

Dungeon Overview and Level Annotations

Branches:
Dungeon (1/15)

Altars:


Innate Abilities, Weirdness & Mutations

You have a pair of small antennae on your head.


Message History

No target in view!
No target in view!
No target in view!
No target in view!
No target in view!
f - 2 scrolls labelled AZXUAD WENK (gained 1)
You now have 22 gold pieces (gained 9).
Found a stone staircase leading down.
A kobold comes into view. It is wielding a +0 whip.
The kobold shouts!
A kobold is nearby!
A kobold is nearby!
The kobold hits you with a +0 whip.
You closely miss the kobold. The kobold barely misses you.
You completely miss the kobold. The kobold closely misses you.
You hit the kobold.
You kill the kobold!
No target in view!
No target in view!
No target in view!
No target in view!
No target in view!
No target in view!
No target in view!
No target in view!
You see here a +0 whip.
A ball python comes into view.
A ball python is nearby!
A ball python is nearby!
A ball python is nearby!
The ball python barely misses you. x2
You closely miss the ball python. The ball python closely misses you.
The ball python grabs you. The ball python constricts you.
You hit the ball python.
You kill the ball python!
You have reached level 2!
Your demonic ancestry asserts itself...
A pair of antennae grows on your head!
Your +0 helmet falls away!
Are you sure you want to abandon this character and quit the game? (Confirm with "yes".)

#...>......#
#########..#####
............#
.....#..###.######
.....#..# #.##...#
.... #..# #.##.### .
.... ...# #.##.#
....#######.####)##.#
.......@............#
....#####.######.####
. #.######.#
#........# ##########


There were no monsters in sight!

Vanquished Creatures
  A dart slug (D:1)
  A ball python (D:1)
  An endoplasm (D:1)
  A goblin (D:1)
  A kobold (D:1)
  A rat (D:1)
6 creatures vanquished.

Notes
Turn   | Place    | Note
-------+----------+-------------------------------------------
     0 | D:1      | Garessta the Demonspawn Gladiator began the quest for the
                  | Orb.
     0 | D:1      | Reached XP level 1. HP: 16/16 MP: 1/1
   213 | D:1      | Reached skill level 3 in Maces & Flails
   352 | D:1      | Gained mutation: You have a pair of small antennae on your
                  | head. [demonic ancestry]
   352 | D:1      | Reached XP level 2. HP: 22/22 MP: 2/2
   352 | D:1      | Quit the game

Illustrated notes

Levels and vault maps discovered:
D:1:      evilmike_arrival_rings, layout_basic, serial_shops, shop

Skill      XL: |  1 |
---------------+----+-----
Maces & Flails | 3 |  3.2
Fighting       | |  2.0
Throwing       | |  1.7
Dodging        | |  2.6

Action                   || total
-------------------------++-------
Melee: Flail             ||    13
 Stab: Sleeping          ||     1
Armor: Leather armour    ||     2
Dodge: Dodged            ||     8
